 Dungeon Crawl Stone Soup version 0.22-a0-355-g201945fe43 (webtiles) character file.

3 KleinerIrrer the Stinger (level 1, -1/15 HPs)
             Began as a Naga Venom Mage on Apr 18, 2018.
             Slain by a leopard gecko (4 damage)
             ... on level 1 of the Dungeon.
             The game lasted 00:01:06 (202 turns).

KleinerIrrer the Stinger (Naga Venom Mage)           Turns: 202, Time: 00:01:07

Health: -1/15      AC:  1    Str: 10    XL:     1   Next: 50%
Magic:  1/3        EV: 10    Int: 15    God:
Gold:   11         SH:  0    Dex: 11    Spells: 3/4 levels left

rFire    . . .     SeeInvis +   (no weapon)
rCold    . . .     Gourm    .   (no shield)
rNeg     . . .     Faith    .   a - +0 robe
rPois    +         Spirit   .   (no helmet)
rElec    .         Reflect  .   (no cloak)
rCorr    .         Harm     .   (no gloves)
MR       .....                  (no barding)
Stlth    ++........             (no amulet)
HPRegen  0.05/turn              (no ring)
MPRegen  0.08/turn              (no ring)

@: very slow
A: large, see invisible, deformed body, poison resistance, slowness 2, slow
metabolism 1, spit poison 1, AC +0
a: Spit Poison


You were on level 1 of the Dungeon.
You were not hungry.

You visited 1 branch of the dungeon, and saw 1 of its levels.

You collected 11 gold pieces.

Inventory:

Armour
 a - a +0 robe (worn)
Scrolls
 b - a scroll of magic mapping {unknown}
 e - a scroll of fear {unknown}
Potions
 d - a potion of flight {unknown}
Comestibles
 c - a ration
 f - 3 chunks of flesh


   Skills:
 - Level 1.5 Dodging
 - Level 3.0 Stealth
 + Level 2.0 Spellcasting
 - Level 1.0 Conjurations
 + Level 4.2 Poison Magic


You had 3 spell levels left.
You knew the following spells:

 Your Spells              Type           Power        Failure   Level  Hunger
a - Sting                 Conj/Pois      #...         8%          1    #......


Dungeon Overview and Level Annotations

Branches:
Dungeon (1/15)

Altars:


Innate Abilities, Weirdness & Mutations

You cannot wear boots.
Your serpentine skin is tough. (AC +0)
You have supernaturally acute eyesight. (SInv)
Armour fits poorly on your strangely shaped body.
Your system is resistant to poisons. (rPois)
You cover ground very slowly.
You have a slow metabolism.
You can spit poison.


Message History

You see here 6 gold pieces.
The bat barely misses you. The leopard gecko closely misses you.
The bat hits you but does no damage. The bat hits you.
The leopard gecko closely misses you. The bat closely misses you.
The goblin shouts!
The leopard gecko closely misses you. The leopard gecko bites you.
The bat barely misses you.
You open the door. The bat closely misses you. The leopard gecko bites you.
The bat hits you but does no damage. The leopard gecko barely misses you.
There is an open door here.
The bat hits you.
* * * LOW HITPOINT WARNING * * *
The bat barely misses you.
A kobold comes into view.
The kobold shouts!
The bat hits you.
* * * LOW HITPOINT WARNING * * *
The bat hits you but does no damage. x2; The leopard gecko bites you.
You die...

........................
..........>.............
....###.................
.... #..............l..
....###g##...#..........
..............#.........
.........b........
.......l........
....#..@.#......
....##.K.####.. ...
#...# . .. ....# ...###
.... ###.. ...
.................


You could see a leopard gecko, a goblin, a bat and a kobold.

Vanquished Creatures
  5 rats (D:1)
5 creatures vanquished.

Notes
Turn   | Place    | Note
-------+----------+-------------------------------------------
     0 | D:1      | KleinerIrrer the Naga Venom Mage began the quest for the Orb.
     0 | D:1      | Reached XP level 1. HP: 15/15 MP: 3/3
   202 | D:1      | Slain by a leopard gecko

Vault maps used:
D:1:      dpeg_arrival_ratfight

Action                   || total
-------------------------++-------
 Cast: Sting             ||    10
 Abil: Spit Poison       ||     1
Armor: Robe              ||     7
Dodge: Dodged            ||    11

Table legend:
 A = Spawn XP
 B = Non-spawn XP
 C = Spawn XP percentage of total XP
 D = Spawn monster count
 E = Non-spawn monster count
 F = Spawn count percentage of total count
 G = Total turns spent on level
                    A         B        C        D         E        F      G
               +---------+---------+-------+---------+---------+-------+---------
         Total |       0 |       5 |   0.0 |       0 |       5 |   0.0 |   202
               +---------+---------+-------+---------+---------+-------+---------
           D:1 |       0 |       5 |   0.0 |       0 |       5 |   0.0 |   202
               +---------+---------+-------+---------+---------+-------+---------
